 Dungeon Crawl Stone Soup version 0.31-a0-200-gbc41564c69 (webtiles) character file.

Game seed: 3140334104608412117

1253 qw the Skirmisher (level 8, -1/44 HPs)
             Began as a Deep Elf Hunter on June 25, 2023.
             Was a Believer of Okawaru.
             Slain by Dowan
             ... wielding a +2 dagger of venom
              (3 damage)
             ... on level 5 of the Dungeon.
             The game lasted 00:01:45 (3374 turns).

qw the Skirmisher (Deep Elf Hunter)                 Turns: 3374, Time: 00:01:46

Health: -1/44      AC:  6    Str: 10    XL:     8   Next: 26%
Magic:  12/13      EV: 14    Int: 15    God:    Okawaru [**....]
Gold:   419        SH:  0    Dex: 18    Spells: 7/7 levels left

rFire   . . .        Y - +0 shortbow (drain)
rCold   . . .        (shield currently unavailable)
rNeg    . . .        b - +0 ring mail
rPois   .            (no helmet)
rElec   .            (no cloak)
rCorr   .            (no gloves)
SInv    .            (no boots)
Will    .....        d - amulet of regeneration
Stlth   +++          (no ring)
HPRegen 1.07/turn    (no ring)
MPRegen 0.13/turn

%: no passive effects
@: lethally poisoned (-1 -> -7), heroic
A: no striking features
a: Renounce Religion, Heroism


You were on level 5 of the Dungeon.
You worshipped Okawaru.
Okawaru was pleased with you.
You visited 1 branch of the dungeon, and saw 6 of its levels.

You collected 419 gold pieces.


   Skills:
 - Level 2.0(7.0) Fighting
 - Level 12.0(17.0) Ranged Weapons
 + Level 0.0(5.0) Armour
 - Level 3.7(8.7) Dodging
 - Level 1.2(6.2) Stealth
 - Level 4.7 Invocations


You had 7 spell levels left.
You didn't know any spells.
Your spell library was empty.

Inventory:

Hand Weapons
 Y - a +0 shortbow of draining (weapon)
Armour
 b - a +0 ring mail (worn)
Jewellery
 d - an amulet of regeneration (around neck)
Scrolls
 h - a scroll of identify
Potions
 c - a potion of magic {unknown}
 e - a potion of might {unknown}
 f - a potion of curing {unknown}
 i - a potion of attraction {unknown}
 j - a potion of ambrosia {unknown}

Dungeon Overview and Level Annotations

Branches:
Dungeon (6/15)
 Temple: D:4-7

Altars:
Ashenzari
Elyvilon
Fedhas
Nemelex Xobeh
Okawaru
Sif Muna
Trog
Xom

Annotations:
D:5 Dowan
D:6 Sigmund


Message History

3366 ||| STAIRDANCE You feel sick.
Dowan hits you with a +2 dagger of venom.
Duvessa closely misses you. The ogre misses you. Sigmund closely misses you.
You climb upwards.
You feel sick.
There is a stone staircase leading down here.
3368 ||| DRINKING potion of heal wounds.
You feel much better.
You feel sick.
Duvessa zaps a wand.
The puff of flame hits you! Dowan casts a spell at you.
You easily resist.
You shoot an arrow. The arrow completely misses Duvessa.
You feel sick. The ogre hits you with a +0 giant club.
Duvessa hits you with a +0 short sword.
Dowan casts a spell.
Dowan blinks!
You shoot an arrow. The arrow hits Duvessa.
You drain Duvessa.
Duvessa is almost dead.
You shoot an arrow. The arrow hits Duvessa!
You kill Duvessa!
Okawaru accepts your kill.
Dowan's eyes darken. "You have made a black mistake."
Dowan seems to find hidden reserves of power!
You feel sick. The ogre closely misses you.
Dowan casts a spell.
Dowan blinks!
Your base Ranged Weapons skill increases to level 12!
You shoot an arrow. The arrow barely misses Dowan.
You feel sick.
You are no longer poisoned.
Dowan points at you and mumbles some strange words.
The stone arrow hits you. The ogre closely misses you.
You shoot an arrow. The arrow hits Dowan.
Dowan is lightly wounded.
Dowan hits you with a +2 dagger of venom.
You are lethally poisoned!
You shoot an arrow. The arrow barely misses Dowan.
You feel very sick.
Dowan hits you with a +2 dagger of venom.
You die...

########### #.........#
#### #.#######.# ...#
#.#.....#.#
##.#############.#..<#.#.#
.........).....O@#####.#.#
.#.#############)e(....#.#
.#.# #.#####.#.# .#.#
#.#######.# .#.#
#.........# .#.#
#.######### ¤#.#
###########.# .#.#
#.....)..##.# ¤#.#
#........##)#


You could see an ogre and Dowan (fast).

Vanquished Creatures
  Grinder (D:5)
  Duvessa (D:5)
  An ice beast (D:5)
  An ogre (D:5)
  4 scorpions
  A hound (D:5)
  A sleepcap (D:5)
  Ijyb (D:3)
  Natasha (D:3)
  4 orc wizards
  9 adders
  9 gnolls
  A shadow imp (D:5)
  A white imp (D:5)
  3 ufetubi
  3 worms
  4 dart slugs
  16 orcs
  9 ball pythons
  8 endoplasms
  13 goblins
  2 hobgoblins
  10 jackals
  8 kobolds
  5 quokkas
  7 bats
  4 frilled lizards
  5 rats
133 creatures vanquished.

Notes
Turn   | Place    | Note
-------+----------+-------------------------------------------
     0 | D:1      | qw the Deep Elf Hunter began the quest for the Orb.
     0 | D:1      | Reached XP level 1. HP: 12/12 MP: 3/3
     0 | D:1      | 0 ||| qw: Version: 0.3-a-22-g0ed2b0b
     0 | D:1      | 0 ||| qw: Game counter: 5517
     0 | D:1      | 0 ||| qw: Melee chars always use a shield: true
     0 | D:1      | 0 ||| qw: God list: Okawaru
     0 | D:1      | 0 ||| qw: Allow faded altars: false
     0 | D:1      | 0 ||| qw: Do Orc after clearing Dungeon:15 true
     0 | D:1      | 0 ||| qw: Do second Lair branch before Depths: true
     0 | D:1      | 0 ||| qw: Lair rune preference: random
     0 | D:1      | 0 ||| qw: Goals: Normal
     0 | D:1      | 0 ||| PLANNING D:1-11
   139 | D:1      | Reached skill level 6 in Ranged Weapons
   139 | D:1      | Reached XP level 2. HP: 16/16 MP: 4/4
   374 | D:1      | Reached XP level 3. HP: 20/20 MP: 5/5
   589 | D:1      | 589 ||| UPGRADING to amulet of regeneration.
   594 | D:1      | 594 ||| READING scroll labelled ZAIN PUCAFE.
   595 | D:1      | 595 ||| READING 2 scrolls labelled NOUDAKIEXKE.
   596 | D:1      | 596 ||| READING scroll of brand weapon.
   596 | D:1      | 596 ||| BRANDING +0 shortbow of freezing.
   597 | D:1      | 597 ||| DROPPING scroll of butterflies.
   669 | D:2      | Reached skill level 7 in Ranged Weapons
   863 | D:2      | Found a faded altar of an unknown god.
   894 | D:2      | Reached XP level 4. HP: 25/25 MP: 6/6
  1218 | D:2      | 1218 ||| READING scroll labelled KOLOHI RYRHA.
  1219 | D:2      | 1219 ||| READING scroll labelled HOSYEH LACUT.
  1352 | D:3      | 1352 ||| Stepping ~*~*~tactically~*~*~ (outnumbered).
  1353 | D:3      | 1353 ||| FLEEEEING.
  1355 | D:3      | 1355 ||| FLEEEEING.
  1356 | D:3      | 1356 ||| FLEEEEING.
  1357 | D:3      | 1357 ||| FLEEEEING.
  1358 | D:3      | 1358 ||| FLEEEEING.
  1365 | D:3      | 1365 ||| Stepping ~*~*~tactically~*~*~ (outnumbered).
  1368 | D:3      | 1368 ||| Stepping ~*~*~tactically~*~*~ (outnumbered).
  1371 | D:3      | Reached skill level 8 in Ranged Weapons
  1479 | D:3      | Found a sparkling altar of Nemelex Xobeh.
  1508 | D:3      | Reached XP level 5. HP: 29/29 MP: 7/7
  1922 | D:3      | Reached skill level 9 in Ranged Weapons
  1929 | D:3      | HP: 7/29 [orc/+0 club (1)]
  1935 | D:3      | HP: 5/29 [kobold/+0 short sword (4)]
  1965 | D:3      | Found a shimmering altar of Xom.
  1971 | D:3      | Found a blossoming altar of Fedhas.
  1976 | D:3      | Found a bloodstained altar of Trog.
  1982 | D:3      | Found a shimmering blue altar of Sif Muna.
  1986 | D:3      | Found an iron altar of Okawaru.
  1987 | D:3      | 1987 ||| PLANNING OKAWARU WORSHIP
  1987 | D:3      | 1987 ||| UPGRADING to +0 ring mail.
  1997 | D:3      | 1997 ||| DROPPING +0 leather armour.
  1998 | D:3      | 1998 ||| DRINKING 2 fizzy coppery potions.
  2002 | D:3      | Became a worshipper of Warmaster Okawaru
  2003 | D:3      | 2003 ||| PLANNING D:1-11
  2007 | D:3      | Found a white marble altar of Elyvilon.
  2011 | D:3      | Found a broken altar of Ashenzari.
  2069 | D:3      | Noticed Natasha
  2072 | D:3      | Killed Natasha
  2130 | D:3      | Noticed Ijyb
  2141 | D:3      | Killed Ijyb
  2142 | D:3      | Reached XP level 6. HP: 13/35 MP: 8/8
  2266 | D:3      | 2266 ||| READING scroll labelled NASIHUB DEDOG.
  2271 | D:3      | 2271 ||| READING scroll labelled YCIGIKK LOEC.
  2273 | D:3      | 2273 ||| Stepping ~*~*~tactically~*~*~ (cloud).
  2283 | D:3      | 2283 ||| Stepping ~*~*~tactically~*~*~ (cloud).
  2347 | D:4      | 2347 ||| STAIRDANCE
  2357 | D:4      | 2357 ||| STAIRDANCE
  2377 | D:4      | 2377 ||| STAIRDANCE
  2482 | D:4      | 2482 ||| Stepping ~*~*~tactically~*~*~ (outnumbered).
  2484 | D:4      | 2484 ||| Stepping ~*~*~tactically~*~*~ (outnumbered).
  2554 | D:4      | Reached skill level 10 in Ranged Weapons
  2586 | D:4      | Reached skill level 3 in Dodging
  2732 | D:4      | 2732 ||| READING 2 scrolls of identify.
  2732 | D:4      | 2732 ||| IDENTIFYING fuming purple potion
  2733 | D:4      | 2733 ||| DROPPING potion of invisibility.
  2753 | D:5      | Entered Level 5 of the Dungeon
  2788 | D:5      | Identified the +4 war axe of Dithmenos's Reproof {freeze,
                  | rF+ Str+2 Int-2 Stlth+}
  2797 | D:5      | Reached * piety under Okawaru
  2803 | D:5      | Reached skill level 1 in Invocations
  2803 | D:5      | Reached XP level 7. HP: 40/40 MP: 9/9
  2829 | D:5      | 2829 ||| FLEEEEING.
  2839 | D:5      | 2839 ||| INVOKING Heroism.
  2983 | D:5      | Reached skill level 3 in Invocations
  3041 | D:5      | Reached skill level 11 in Ranged Weapons
  3280 | D:5      | 3280 ||| READING 2 scrolls labelled IMUXTU BIGO.
  3281 | D:5      | 3281 ||| READING scroll labelled DILEAJU MULOME.
  3282 | D:5      | 3282 ||| DROPPING scroll of vulnerability.
  3307 | D:6      | Noticed Grinder
  3308 | D:6      | 3308 ||| PLANNING OSSUARY
  3308 | D:6      | 3308 ||| INVOKING Heroism.
  3313 | D:6      | Noticed Sigmund
  3316 | D:6      | Noticed Duvessa
  3317 | D:6      | Noticed Dowan
  3318 | D:6      | 3318 ||| STAIRDANCE
  3320 | D:5      | HP: 8/40 [scorpion (5)]
  3321 | D:5      | 3321 ||| DRINKING 2 potions of heal wounds.
  3329 | D:5      | Killed Grinder
  3329 | D:5      | Reached ** piety under Okawaru
  3330 | D:5      | Reached XP level 8. HP: 18/44 MP: 11/13
  3361 | D:6      | 3361 ||| INVOKING Heroism.
  3366 | D:6      | 3366 ||| STAIRDANCE
  3366 | D:6      | HP: 11/44 [Dowan/+2 dagger of venom (2)]
  3368 | D:5      | 3368 ||| DRINKING potion of heal wounds.
  3371 | D:5      | Killed Duvessa
  3372 | D:5      | Reached skill level 12 in Ranged Weapons
  3372 | D:5      | HP: 8/44 [Dowan/stone arrow (4)]
  3374 | D:5      | HP: 2/44 [poisoned by Dowan]
  3374 | D:5      | Slain by Dowan

Levels and vault maps discovered:
D:1:      dpeg_arrival_stone_temple_mockup, layout_basic,
          corexii_item_surrounded_by_moat, minmay_misc_feat_alley
D:2:      layout_rooms, dreamdust_ecumenical_altar_grove,
          kennysheep_cross_bottleneck, kennysheep_big_empty_room
D:3:      kennysheep_goblin_castle, layout_basic, mainiacjoe_overflow_paths,
          grunt_temple_overflow_octagram, wander_ebering_terrifying_dragon_lair,
          uniq_natasha
D:4:      layout_basic
D:5:      layout_basic
D:6:      layout_rooms, enter_ossuary_3, minmay_misc_feat_doors, uniq_sigmund,
          uniq_duvessa, uniq_grinder

Skill      XL: |  1  2  3  4  5  6  7  8 |
---------------+-------------------------+-----
Ranged Weapons | 6 7 8 9 10 11 12 | 12.0
Fighting       | 2 |  2.0
Dodging        | 3 |  3.7
Invocations    | 1 4 |  4.7
Stealth        | |  1.2

Action                     |  1- 3 |  4- 6 |  7- 9 || total
---------------------------+-------+-------+-------++-------
   Fire: Shortbow          |   108 |   198 |   102 ||   408
 Invoke: Heroism           |       |       |     3 ||     3
    Use: Scroll            |     3 |     5 |     2 ||    10
         Potion            |       |     1 |     2 ||     3
 Armour: Leather armour    |    14 |    12 |       ||    26
         Ring mail         |       |    27 |    17 ||    44
  Dodge: Dodged            |    19 |    80 |    46 ||   145

Table legend:
 A = Non-vault XP
 B = Vault XP
 C = Vault XP percentage of total XP
 D = Non-vault monster count
 E = Vault monster count
 F = Vault count percentage of total count
                 A         B        C        D         E       F
            +---------+---------+-------+---------+---------+-------
      Total |    1259 |     531 |  29.7 |     117 |      16 |  12.0
            +---------+---------+-------+---------+---------+-------
        D:1 |      54 |       0 |   0.0 |      25 |       0 |   0.0
        D:2 |      72 |       0 |   0.0 |      23 |       0 |   0.0
        D:3 |     207 |      94 |  31.2 |      35 |      14 |  28.6
        D:4 |     243 |       0 |   0.0 |      15 |       0 |   0.0
        D:5 |     683 |     437 |  39.0 |      19 |       2 |   9.5
            +---------+---------+-------+---------+---------+-------
